 Dungeon Crawl Stone Soup version 0.30-a0-986-g7f2e898f52 (webtiles) character file.

Game seed: 10428289166609640827

6 DeathPants the Ducker (level 1, -1/11 HPs)
             Began as a Vine Stalker Wanderer on Apr 1, 2023.
             Slain by a hobgoblin (2 damage)
             ... on level 1 of the Dungeon.
             The game lasted 00:00:56 (94 turns).

DeathPants the Ducker (Vine Stalker Wanderer)         Turns: 94, Time: 00:00:56

Health: -1/11      AC:  5    Str: 11    XL:     1   Next: 90%
Magic:  0/2        EV: 12    Int: 10    God:
Gold:   21         SH:  0    Dex: 18    Spells: 0/0 levels left

rFire   . . .      SeeInvis .    a - +1 falchion
rCold   . . .      Faith    .    (no shield)
rNeg    . . .      Spirit   +    b - +2 leather armour
rPois   .          Reflect  .    (no helmet)
rElec   .          Rampage  .    (no cloak)
rCorr   .                        (no gloves)
Will    .....                    (no boots)
Stlth   +                        (no amulet)
HPRegen 0.21/turn                e - ring of flight
MPRegen 0.08/turn                (no ring)

@: flying
A: fangs 2, magic shield, antimagic bite, no potion heal 2
a: no special abilities


You were on level 1 of the Dungeon.
You visited 1 branch of the dungeon, and saw 1 of its levels.

You collected 21 gold pieces.

Inventory:

Hand Weapons
 a - a +1 falchion (weapon)
Armour
 b - a +2 leather armour (worn)
Jewellery
 e - a ring of flight (left hand)
Scrolls
 c - a scroll of fog
 d - a scroll of identify {unknown}


   Skills:
 + Level 1.9 Fighting
 * Level 1.3 Long Blades
 - Level 1.0 Throwing
 - Level 1.5 Armour
 + Level 2.5 Dodging
 + Level 0.3 Spellcasting
 - Level 1.0 Invocations


You couldn't memorise any spells.
You didn't know any spells.
Your spell library was empty.

Dungeon Overview and Level Annotations

Branches:
Dungeon (1/15)

Altars:


Innate Abilities, Weirdness & Mutations

You have extremely sharp teeth.
When hurt, damage is shared between your health and your magic reserves.
Your bite disrupts and absorbs the magic of your enemies.
Potions cannot restore your health.


Message History

A kobold comes into view. It is wielding a +0 short sword.
Found a book of Beasts.
A hobgoblin and a quokka come into view.
The hobgoblin shouts!
The kobold shouts!
You barely miss the kobold. The kobold barely misses you. The quokka bites you.
The kobold misses you.
You barely miss the kobold. You bite the kobold, but do no damage.
The quokka barely misses you. The quokka bites you.
The kobold hits you with a +0 short sword.
You closely miss the kobold. You bite the kobold. You drain its power.
You feel invigorated.
The kobold is moderately wounded.
The quokka barely misses you.
The hobgoblin hits you but does no damage.
The kobold misses you.
You miss the kobold.
The kobold is moderately wounded.
The quokka bites you.
* * * LOW HITPOINT WARNING * * *
The hobgoblin barely misses you. The kobold barely misses you.
The quokka bites you but does no damage.
You hit the kobold. Your bite misses the kobold.
The kobold is heavily wounded.
The hobgoblin barely misses you. The kobold completely misses you.
The quokka bites you but does no damage.
The kobold closely misses you. The hobgoblin barely misses you.
You hit the kobold.
You kill the kobold!
The quokka closely misses you. The quokka bites you.
* * * LOW HITPOINT WARNING * * *
The hobgoblin closely misses you.
You closely miss the hobgoblin.
You bite the hobgoblin, but do no damage.
The quokka barely misses you.
The hobgoblin hits you but does no damage.
The quokka bites you.
* * * LOW HITPOINT WARNING * * *
You barely miss the hobgoblin. The hobgoblin hits you.
You die...

.####.#.#.#.#........
.....#.#.#.#.#.......
####..#.#.#.#........ ##
#.#.≈≈≈≈~.#....... .#
#..#≈...~#........
.###.#.≈<..~.#.......
...#..#≈...~#.##########
##.#.#.≈≈≈≈~.##..g......
##.#..#.#.#.#...@)......
.....#.#.#.#.#...r......
......#.#.#.#.#.....:...
.....#.#.#.#.##.........
.)...##########.........
.....# ########## .....#
.....# .....#


You could see a quokka and a hobgoblin.

Vanquished Creatures
  A dart slug (D:1)
  A goblin (D:1)
  A kobold (D:1)
  A rat (D:1)
4 creatures vanquished.

Notes
Turn   | Place    | Note
-------+----------+-------------------------------------------
     0 | D:1      | DeathPants the Vine Stalker Wanderer began the quest for
                  | the Orb.
     0 | D:1      | DeathPants set off with the following items: a +1 falchion,
                  | a +2 leather armour, a scroll of fog.
     0 | D:1      | Reached XP level 1. HP: 11/11 MP: 2/2
    94 | D:1      | Slain by a hobgoblin

Illustrated notes

Levels and vault maps discovered:
D:1:      ncdulo_watergridlock, layout_basic, minmay_indecisive_spiral

Action                     || total
---------------------------++-------
  Melee: Falchion          ||    15
         Bite              ||     4
 Armour: Leather armour    ||     6
  Dodge: Dodged            ||    19

Table legend: (Time is in decaauts)
 A = Elapsed time spent in this place.
 B = Non-inter-level travel time spent in this place.
 C = Inter-level travel time spent in this place.
 D = Time resting spent in this place.
 E = Time spent auto-exploring this place.
 F = Levels seen in this place.
 G = Mean time per level.
                   A        B        C        D        E       F      G
               +--------+--------+--------+--------+--------+-----+--------+
         Total |     97 |     97 |      0 |      0 |     56 |   1 |   97.0 |
       Dungeon |     97 |     97 |      0 |      0 |     56 |   1 |   97.0 |
               +--------+--------+--------+--------+--------+-----+--------+

Top non-repeatable levels by time:
     D:1: 97 daAuts
